 Dungeon Crawl Stone Soup version 0.15-a0-1403-g2cecdf4 (webtiles) character file.

166 Amnesiac the Digger (level 5, 0/28 HPs)
             Began as a Deep Elf Earth Elementalist on June 11, 2014.
             Slain by a gnoll
             ... wielding a cursed -3,-1 club
              (3 damage)
             ... on Level 4 of the Dungeon.
             The game lasted 00:03:51 (879 turns).

Amnesiac the Digger (Deep Elf Earth Elementalist)    Turns: 879, Time: 00:03:51

HP   0/28        AC  5     Str  5      XL: 5   Next: 22%
MP   9/17        EV 13     Int 21      God:
Gold 52          SH  0     Dex 15      Spells:  2 memorised,  8 levels left

rFire  . . .     SeeInvis .     c - 30 stones
rCold  . . .     Clarity  .     l - +2 robe
rNeg   . . .     rCorr    .     (no shield)
rPois  .         rRot     .     (no helmet)
rElec  .         Spirit   .     (no cloak)
SustAb .         Warding  .     f - +0 pair of gloves (curse)
rMut   .         Stasis   .     (no boots)
Gourm  .                        (no amulet)
MR     .....                    (no ring)
                                (no ring)

@: glowing, not resistant to hostile enchantments, very unstealthy
A: no striking features
a: no special abilities


You were on level 4 of the Dungeon.
You were not hungry.

You visited 1 branch of the dungeon, and saw 4 of its levels.

You collected 52 gold pieces.

Inventory:

Hand weapons
 e - a +0,+0 dagger
Missiles
 c - 30 stones (in hand)
Armour
 f - a cursed +0 pair of gloves (worn)
 l - a +2 robe (worn)
Comestibles
 a - 3 bread rations
 b - a beef jerky
 g - a meat ration
Scrolls
 h - a scroll of enchant weapon I {unknown}
 k - 2 scrolls of remove curse {unknown}
Potions
 i - a potion of paralysis {unknown}
 j - a potion of curing {unknown}
Books
 d - a book of Geomancy

   Spells                             Type                      Level
   *Sandblast                         Earth                        1
   *Stoneskin                         Transmutation/Earth          2
   Passwall                           Transmutation/Earth          3
   Stone Arrow                        Conjuration/Earth            3
   Petrify                            Transmutation/Earth          4
   Lee's Rapid Deconstruction         Earth                        5


   Skills:
 - Level 2.4 Dodging
 - Level 2.4 Stealth
 + Level 3.8 Spellcasting
 - Level 1.1 Transmutations
 * Level 6.2 Earth Magic


You had 8 spell levels left.
You knew the following spells:

 Your Spells              Type           Power        Failure   Level  Hunger
a - Stoneskin             Trmt/Erth      ###.......   4%          2    #......
z - Sandblast             Erth           ####..       1%          1    None


Dungeon Overview and Level Annotations

Branches:
Dungeon (4/15)
 Temple: D:4-7

Altars:

Annotations:
D:4 Edmund


Message History

Confirm with . or Enter, or press ? or * to list all spells.
Aiming: Sandblast
Press: ? - help, Shift-Dir - straight line, f/p - gnoll
Aim: a gnoll, wielding a halberd (almost dead)
The rocky blast hits the gnoll.
You kill the gnoll!
Casting: Sandblast
Confirm with . or Enter, or press ? or * to list all spells.
Aiming: Sandblast
Press: ? - help, Shift-Dir - straight line, f - gnoll
Aim: a gnoll, wielding a club The rocky blast hits the gnoll.
The gnoll is almost dead.
Casting: Sandblast
Confirm with . or Enter, or press ? or * to list all spells.
Aiming: Sandblast
Press: ? - help, Shift-Dir - straight line, f/p - gnoll
Aim: a gnoll, wielding a club (almost dead)
The rocky blast misses the gnoll.
The gnoll hits you with a club.
You die...

#.#...#...# #######
#...#...#.. #......#
#.#...#..@# #......#
#...#...#.. #......##
#.#...#...# +..$....#
#...#...#.. #.......#
#.#..%#...#
#.......####..#...#..
#....@g))# #.(..#...#
#......#.###.###..#..
#......#)##%.# #..##
########g..%#####.###
.....................
g.######..%.....##.#
##.......# #.....(.#
#.......#


You could see a gnoll.

Vanquished Creatures
  A gnoll shaman (D:4)
  An iguana (D:4)
  2 worker ants (D:4)
  Jessica (D:2)
  A gnoll (D:4)
  2 worms (D:2)
  A giant gecko (D:2)
  2 oozes
  3 bats
  4 goblins
  4 hobgoblins
  A ball python (D:4)
  4 giant newts
  4 kobolds
  2 rats
33 creatures vanquished.

Notes
Turn   | Place    | Note
--------------------------------------------------------------
     0 | D:1      | Amnesiac, the Deep Elf Earth Elementalist, began the quest for the Orb.
     0 | D:1      | Reached XP level 1. HP: 10/10 MP: 5/5
   238 | D:1      | Reached skill level 4 in Earth Magic
   238 | D:1      | Reached XP level 2. HP: 13/15 MP: 4/8
   245 | D:1      | Learned a level 2 spell: Stoneskin
   446 | D:2      | Reached XP level 3. HP: 19/19 MP: 3/10
   552 | D:2      | Noticed Jessica
   561 | D:2      | Killed Jessica
   561 | D:2      | Reached skill level 5 in Earth Magic
   659 | D:4      | Reached XP level 4. HP: 20/24 MP: 2/13
   753 | D:4      | Noticed Edmund
   786 | D:4      | Reached skill level 6 in Earth Magic
   866 | D:4      | Reached XP level 5. HP: 28/28 MP: 12/17
   879 | D:4      | Slain by a gnoll

Action                   |  1- 3 |  4- 6 || total
-------------------------+-------+-------++-------
Melee: Unarmed           |     2 |       ||     2
 Cast: Sandblast         |    49 |    21 ||    70
       Stoneskin         |     1 |       ||     1
